Map: Bastion of the Conclave

Players

Yarrr

  • Race: Protoss Protoss
  • Spawn Location: 12:00

underscore

  • Race: Terran Terran
  • League: Gold
  • Spawn Location: 12:00

jonarlo

  • Race: Protoss Protoss
  • Spawn Location: 0:00

Yata - Winner!

  • Race: Zerg Zerg
  • League: Gold
  • Spawn Location: 6:00

Myhome - Winner!

  • Race: Terran Terran
  • League: Diamond
  • Spawn Location: 6:00

SHreddedWInd - Winner!

  • Race: Protoss Protoss
  • Spawn Location: 6:00

VOD

Have the link to the VOD?

Description

Time

  • Played on: Aug. 31, 2017, 11:20 p.m.
  • Length: 15:45
Show
View Real Time Build Order
Export as new Build Order

Yarrr Protoss 

Build Orders: Blink Stalkers 

Get SALT Encoding   

  12  0:01  Probe (Chrono Boost)  
  13  0:11  Probe (Chrono Boost)  
  14  0:26  Probe (Chrono Boost)  
  14  0:28  Pylon  
  15  0:46  Probe (Chrono Boost)  
  16  0:52  Gateway  
  16  0:57  Assimilator, Probe (Chrono Boost)  
  17  1:00  Pylon  
  17  1:07  Probe (Chrono Boost)  
  18  1:18  Probe (Chrono Boost)  
  19  1:39  Assimilator  
  19  1:41  Cybernetics Core  
  19  1:45  Zealot  
  21  1:54  Probe (Chrono Boost)  
  21  1:55  Gateway  
  22  2:05  Probe (Chrono Boost)  
  23  2:16  Probe (Chrono Boost)  
  23  2:17  Pylon  
  23  2:22  Warp Gate (Chrono Boost)  
  24  2:23  Twilight Council  
  24  2:31  Mothership Core (Chrono Boost)  
  26  2:40  Stalker  
  28  2:49  Probe (Chrono Boost)  
  28  2:50  Stalker  
  30  3:01  Probe  
  31  3:15  Gateway  
  31  3:17  Pylon  
  31  3:23  Blink (Chrono Boost)  
  31  3:33  Stalker  
  33  3:38  Stalker  
  35  3:53  Forge  
  35  4:02  Stalker  
  37  4:44  Photon Cannon  
  33  5:16  Stalker x2  
  33  5:17  Stalker  
  39  5:22  Protoss Ground Weapons Level 1  
  39  5:35  Nexus  
  39  5:40  Pylon  
  39  5:52  Gateway  
  21  6:50  Stalker x3  
  25  6:56  Probe  
  26  7:02  Stalker  
  26  7:03  Probe  
  26  7:08  Probe  
  30  7:14  Probe  
  31  7:20  Probe  
  32  7:24  Probe  
  32  7:26  Assimilator  
  33  7:30  Photon Cannon  
  33  7:32  Probe  
  34  7:45  Protoss Shields Level 1 (Chrono Boost)  
  34  7:55  Stalker  
  34  7:56  Stalker  
  38  7:58  Sentry  
  40  8:30  Stalker x4  
  48  8:49  Pylon  
  48  8:52  Probe  
  48  8:53  Gateway, Probe  
  50  9:02  Probe  
  50  9:05  Probe  
  42  10:02  Robotics Facility, Stalker x4  
  42  10:03  Stalker  
  34  10:53  Stalker x4  
  34  10:54  Stalker  
  44  11:00  Robotics Bay  
  44  11:13  Gateway  
  44  11:15  Gateway  
  44  11:27  Pylon  
  44  11:34  Stalker x3  
  44  11:35  Stalker  
  44  11:36  Stalker  
  49  12:12  Stalker x5  
  59  12:19  Extended Thermal Lance  
  59  12:20  Protoss Ground Weapons Level 2 (Chrono Boost)  
  59  12:26  Assimilator  
  59  12:27  Probe  
  60  12:37  Probe  
  61  12:48  Probe  
  48  12:58  Probe  
  48  12:59  Stalker x2  
  48  13:00  Stalker x3  
  48  13:01  Stalker x2  
  63  13:09  Probe  
  64  13:17  Mothership Core  
  64  13:19  Probe  
  66  13:23  Warp Prism (Chrono Boost)  
  69  13:30  Probe  
  70  13:40  Probe  
  71  13:51  Probe  
  72  13:58  Colossus (Chrono Boost)  
  78  14:17  Pylon  
  78  14:21  Pylon  
  78  14:23  Pylon  
  74  14:45  Colossus (Chrono Boost)  
  80  14:55  Stalker x2  
  80  14:56  Stalker x4  
Show
View Real Time Build Order
Export as new Build Order

underscore Terran 

Build Orders: Cyclone Opening, Mech 

Get SALT Encoding   

  12  0:01  SCV  
  13  0:13  SCV  
  14  0:25  SCV  
  15  0:33  Refinery  
  15  0:34  Supply Depot  
  15  0:56  SCV  
  16  0:59  Barracks  
  16  1:05  Refinery  
  16  1:08  SCV  
  17  1:20  SCV  
  18  1:49  Factory  
  18  1:51  SCV  
  19  1:54  Barracks Reactor  
  19  1:59  Supply Depot  
  19  2:03  Orbital Command  
  19  2:22  Supply Depot  
  19  2:41  Supply Depot  
  19  2:43  Barracks Reactor  
  19  2:44  Cyclone  
  19  2:49  Cyclone  
  23  3:06  SCV  
  24  3:16  Cyclone  
  27  3:20  Marine  
  27  3:21  Marine  
  29  3:33  SCV  
  29  3:45  SCV  
  29  3:47  Marine  
  31  3:57  SCV  
  32  4:07  Command Center  
  32  4:09  SCV  
  33  4:21  SCV  
  31  4:28  Engineering Bay  
  31  4:31  Marine  
  32  4:41  SCV  
  33  4:55  Missile Turret  
  33  5:05  SCV  
  34  5:13  Cyclone  
  37  5:17  SCV  
  37  5:18  Missile Turret  
  38  5:25  Orbital Command  
  38  5:34  Marine  
  39  5:48  Cyclone  
  39  5:49  Marine  
  43  5:52  Missile Turret  
  43  5:56  SCV  
  44  6:09  Factory  
  44  6:15  SCV  
  45  6:24  Marine  
  45  6:25  Marine, Cyclone  
  47  6:26  Cyclone  
  47  6:27  SCV  
  39  6:47  Marine  
  39  6:48  Marine  
  40  6:55  Factory Tech Lab  
  40  6:58  Factory, Cyclone x2  
  46  7:03  SCV  
  47  7:10  Supply Depot  
  47  7:15  SCV  
  48  7:20  Siege Tank  
  51  7:27  SCV x2  
  53  7:42  SCV  
  54  7:45  Starport  
  54  7:47  Factory Tech Lab  
  49  7:52  Siege Tank  
  49  8:18  SCV  
  50  8:20  Missile Turret  
  50  8:22  Starport Reactor  
  50  8:24  Siege Tank  
  50  8:25  Marine x2  
  54  8:30  SCV  
  54  8:33  SCV  
  56  8:42  SCV  
  57  8:53  Missile Turret  
  57  8:54  SCV  
  58  9:00  Viking x2  
  62  9:07  Supply Depot  
  62  9:14  Missile Turret  
  62  9:29  SCV  
  63  9:33  Marine x2  
  65  9:48  SCV  
  65  9:49  Siege Tank  
  69  10:00  Supply Depot, SCV  
  70  10:18  SCV  
  69  10:22  Medivac, Siege Tank  
  66  10:30  SCV  
  51  10:38  Marine x2  
  51  10:40  Medivac  
  55  10:52  Medivac  
  55  10:56  Marine x2  
  51  11:04  SCV  
  51  11:08  Starport  
  51  11:09  Viking  
  51  11:10  SCV  
  55  11:14  Marine x2  
  57  11:22  Viking  
  59  11:39  Viking  
  61  11:40  Refinery  
  61  11:42  Refinery  
  61  11:52  Viking  
  63  12:00  Starport Reactor  
  63  12:04  SCV  
  64  12:09  Medivac  
  66  12:16  SCV  
  66  12:22  Medivac  
  69  12:28  SCV, Command Center  
  70  12:39  Viking  
  70  12:40  SCV  
  69  12:52  Viking, SCV  
  69  12:57  Viking x2  
  72  12:59  SCV  
  72  13:02  Supply Depot x2  
  72  13:03  Armory  
  72  13:04  SCV  
  74  13:09  Viking  
  76  13:16  SCV  
  77  13:23  Viking  
  77  13:26  Supply Depot  
  79  13:27  Viking x2  
  56  14:17  Viking x2  
  56  14:18  Viking  
  39  14:47  Viking x2  
Show
View Real Time Build Order
Export as new Build Order

jonarlo Protoss 

Build Orders: Blink Stalkers 

Get SALT Encoding   

  12  0:01  Probe (Chrono Boost)  
  13  0:12  Probe (Chrono Boost)  
  14  0:22  Probe (Chrono Boost)  
  14  0:27  Pylon  
  15  0:45  Probe (Chrono Boost)  
  16  0:55  Probe (Chrono Boost)  
  16  0:56  Gateway  
  17  1:06  Probe (Chrono Boost)  
  18  1:16  Probe (Chrono Boost)  
  19  1:26  Assimilator  
  19  1:27  Probe (Chrono Boost)  
  20  1:37  Probe (Chrono Boost)  
  21  1:54  Nexus  
  21  1:56  Pylon  
  21  2:02  Assimilator  
  21  2:13  Cybernetics Core  
  21  2:16  Gateway  
  21  2:18  Probe (Chrono Boost)  
  22  2:29  Probe (Chrono Boost)  
  23  2:32  Pylon  
  23  2:39  Probe (Chrono Boost)  
  23  2:43  Gateway  
  25  2:55  Mothership Core (Chrono Boost)  
  26  3:01  Twilight Council  
  26  3:06  Gateway  
  26  3:09  Pylon, Probe (Chrono Boost)  
  27  3:13  Probe (Chrono Boost)  
  29  3:20  Probe (Chrono Boost)  
  29  3:30  Probe (Chrono Boost)  
  29  3:33  Pylon  
  30  3:36  Warp Gate  
  30  3:41  Probe (Chrono Boost)  
  31  3:44  Blink  
  31  3:45  Probe (Chrono Boost)  
  32  3:51  Assimilator  
  32  4:00  Gateway  
  32  4:05  Pylon  
  32  4:07  Probe (Chrono Boost)  
  32  4:09  Probe (Chrono Boost)  
  34  4:18  Probe (Chrono Boost)  
  35  4:29  Gateway  
  35  4:48  Probe (Chrono Boost)  
  35  4:49  Gateway  
  36  4:55  Stalker  
  36  4:59  Probe (Chrono Boost)  
  39  5:10  Gateway  
  39  5:26  Pylon  
  39  5:46  Gateway, Stalker  
  39  5:47  Stalker x5  
  51  6:19  Stalker x3  
  51  6:20  Stalker x3  
  51  6:47  Stalker x2  
  51  6:48  Stalker x3  
  51  6:49  Stalker  
  61  7:24  Assimilator, Stalker  
  61  7:25  Stalker  
  61  7:26  Stalker x4  
  72  7:59  Stalker x4  
  72  8:00  Stalker  
  72  8:01  Stalker  
  82  8:28  Stalker  
  82  8:29  Stalker x3  
  82  8:30  Stalker  
  86  9:23  Nexus  
  86  9:26  Pylon  
  85  9:44  Probe (Chrono Boost)  
  84  9:54  Probe (Chrono Boost)  
  79  10:03  Pylon  
  75  10:36  Stalker x6  
  75  10:37  Stalker x2  
  53  10:59  Probe (Chrono Boost)  
  54  11:09  Gateway  
  54  11:10  Probe (Chrono Boost)  
  54  11:11  Gateway  
  55  11:13  Gateway  
  55  11:17  Assimilator  
  55  11:20  Probe (Chrono Boost)  
  55  11:22  Assimilator  
  56  11:28  Stalker x2  
  56  11:29  Stalker  
  56  11:30  Stalker x3  
  56  11:31  Stalker, Probe (Chrono Boost)  
  71  11:36  Gateway  
  71  11:41  Probe (Chrono Boost)  
  68  11:52  Probe (Chrono Boost)  
  67  12:02  Stalker x4  
  67  12:03  Stalker x4  
  83  12:14  Probe (Chrono Boost)  
  84  12:20  Pylon  
  84  12:24  Probe (Chrono Boost)  
  84  12:25  Robotics Facility  
  85  12:35  Probe (Chrono Boost)  
  86  12:45  Probe (Chrono Boost)  
  81  12:56  Probe (Chrono Boost)  
  70  13:00  Stalker  
  70  13:01  Stalker x4  
  70  13:02  Stalker x2  
  70  13:03  Stalker  
  86  13:06  Probe (Chrono Boost)  
  87  13:17  Probe (Chrono Boost)  
  88  13:27  Probe (Chrono Boost)  
  88  13:30  Warp Prism  
  91  13:38  Probe (Chrono Boost)  
  92  13:49  Probe (Chrono Boost)  
  93  14:00  Stalker x5  
  93  14:01  Stalker x2  
  93  14:02  Stalker  
  107  14:38  Warp Prism  
  33  15:26  Stalker  
  33  15:27  Stalker x5  
  33  15:28  Stalker x2  
Show
View Real Time Build Order
Export as new Build Order

Yata Zerg - Winner!

Build Orders: Hatch First 

Get SALT Encoding   

  12  0:01  Drone  
  13  0:08  Drone  
  14  0:31  Overlord x2  
  14  0:49  Drone x2  
  16  0:53  Drone  
  17  1:08  Hatchery  
  16  1:18  Drone x2  
  18  1:33  Spawning Pool  
  18  1:35  Extractor  
  18  1:36  Drone  
  18  1:37  Drone  
  18  1:46  Drone  
  19  1:58  Overlord  
  19  2:08  Drone  
  20  2:20  Drone  
  21  2:24  Queen  
  21  2:25  Queen  
  25  2:30  Zergling x4  
  27  2:37  Drone  
  27  2:42  Drone x2  
  30  3:06  Drone x4  
  34  3:19  Metabolic Boost  
  34  3:22  Drone x2  
  34  3:26  Overlord x2  
  36  3:36  Drone x6  
  42  3:51  Lair  
  42  3:57  Extractor  
  42  4:00  Zergling x2  
  42  4:01  Zergling x10  
  47  4:07  Baneling Nest  
  46  4:10  Roach Warren  
  46  4:11  Extractor  
  43  4:25  Drone  
  43  4:26  Drone x2  
  43  4:28  Drone x2  
  43  4:29  Drone  
  42  4:54  Pneumatized Carapace  
  42  4:55  Evolution Chamber  
  41  5:03  Extractor  
  40  5:09  Drone x2  
  40  5:10  Drone x2  
  44  5:16  Queen  
  46  5:42  Roach x3  
  52  5:54  Overlord x2  
  52  5:55  Overlord x3  
  52  5:56  Overlord x2  
  52  6:12  Queen x2  
  52  6:15  Roach  
  52  6:16  Roach x8  
  74  6:28  Roach x2  
  74  6:31  Glial Reconstitution  
  78  6:33  Zerg Missile Weapons Level 1  
  78  6:40  Roach  
  78  6:41  Roach x4  
  88  6:48  Queen x2  
  88  6:49  Roach  
  88  6:50  Roach x3  
  100  7:01  Roach x2  
  104  7:16  Roach x2  
  104  7:19  Overlord  
  108  7:27  Overlord x2  
  108  7:35  Hatchery  
  108  7:36  Queen x2  
  111  8:05  Spire  
  110  8:12  Queen  
  102  8:34  Roach  
  102  8:35  Roach x13  
  126  8:49  Roach x5  
  126  8:52  Overlord  
  136  9:06  Drone x2  
  138  9:10  Queen  
  138  9:36  Zerg Missile Weapons Level 2  
  122  9:48  Roach  
  122  9:49  Roach x11  
  122  9:50  Roach  
  72  10:37  Roach  
  72  10:38  Roach x5  
  70  10:43  Roach x7  
  84  10:59  Roach x2  
  90  11:11  Roach x3  
  90  11:12  Roach x2  
  98  11:32  Roach x6  
  110  11:48  Roach  
  110  11:49  Roach x2  
  110  11:51  Overlord x4  
  116  12:11  Roach x2  
  116  12:14  Drone  
  121  12:17  Drone x2  
  121  12:21  Hatchery  
  122  12:28  Centrifical Hooks  
  122  12:54  Roach  
  122  12:55  Roach x4  
  132  13:24  Roach  
  132  13:25  Roach x5  
  144  13:44  Zerg Ground Armor Level 1  
  144  14:01  Roach  
  144  14:02  Roach x4  
  152  14:22  Queen  
  154  14:33  Overlord  
  154  14:34  Overlord x6  
  154  14:59  Roach x8  
  170  15:00  Roach  
  172  15:18  Hatchery  
Show
View Real Time Build Order
Export as new Build Order

Myhome Terran - Winner!

Build Orders:  

Get SALT Encoding   

  12  0:01  SCV  
  13  0:13  SCV  
  14  0:18  Supply Depot  
  14  0:25  SCV  
  15  0:40  SCV  
  15  0:42  Barracks  
  16  0:51  Refinery  
  16  0:52  SCV  
  17  1:04  SCV  
  18  1:16  SCV  
  19  1:30  Orbital Command  
  19  1:31  Supply Depot  
  19  1:35  Reaper  
  20  1:58  SCV  
  21  2:10  SCV  
  21  2:11  Barracks  
  22  2:18  Command Center  
  22  2:29  Supply Depot  
  21  2:31  Barracks Reactor  
  21  2:32  SCV  
  22  2:44  SCV  
  23  2:56  SCV  
  24  3:05  Barracks Tech Lab  
  24  3:09  SCV  
  25  3:13  Factory, Refinery  
  25  3:20  Barracks, Engineering Bay  
  25  3:21  SCV  
  25  3:25  Marine x2  
  28  3:33  SCV  
  29  3:38  Orbital Command  
  29  3:46  Marine x2  
  29  3:47  Marine  
  32  3:51  Stimpack  
  32  3:56  SCV  
  32  4:01  Starport  
  32  4:10  Marine x2  
  32  4:11  Marine  
  32  4:12  Barracks Reactor  
  32  4:14  SCV x2  
  32  4:16  Factory Tech Lab  
  37  4:25  Missile Turret  
  37  4:28  SCV x2  
  39  4:31  Marine x2  
  39  4:32  Marine  
  39  4:37  Medivac  
  44  4:40  SCV  
  44  4:42  SCV  
  46  4:49  Marine  
  46  4:50  Marine x2, Missile Turret  
  46  4:51  Marine x2  
  51  4:53  SCV  
  51  4:54  SCV  
  51  4:58  Supply Depot  
  53  5:01  Terran Infantry Weapons Level 1  
  53  5:05  Supply Depot  
  53  5:07  SCV  
  54  5:19  Starport Reactor  
  54  5:21  Missile Turret  
  54  5:22  Missile Turret  
  54  5:23  SCV x2  
  54  5:24  Marine x4  
  60  5:29  Marine  
  61  5:41  Command Center  
  61  5:42  Marine  
  62  5:44  SCV x2  
  62  5:49  Marine x3  
  67  5:50  Marine  
  67  5:56  SCV  
  69  5:57  Missile Turret  
  69  5:59  SCV  
  69  6:00  Missile Turret  
  70  6:04  Refinery  
  70  6:06  Refinery  
  70  6:10  Engineering Bay  
  70  6:17  Marine x3  
  73  6:19  Supply Depot  
  73  6:21  Supply Depot  
  73  6:22  Marine  
  74  6:42  Marine x5  
  75  6:59  Marine  
  75  7:00  SCV x2, Marine x4  
  82  7:01  Orbital Command  
  82  7:13  Barracks  
  82  7:14  Command Center  
  82  7:17  Terran Infantry Armor Level 1, Marine x2  
  82  7:19  Armory  
  84  7:23  SCV x2  
  84  7:24  Engineering Bay  
  84  7:27  SCV  
  87  7:32  Marine x3  
  87  7:35  SCV  
  87  7:36  Marine x2  
  93  7:44  Medivac x2  
  93  7:50  Marine x3  
  100  7:58  Marine x2  
  100  8:01  Siege Tank  
  100  8:02  SCV  
  106  8:07  Marine  
  106  8:08  Marine x2  
  109  8:15  Barracks  
  109  8:16  Barracks  
  109  8:19  Barracks  
  109  8:22  Medivac x2, Marine  
  109  8:25  Supply Depot x2  
  114  8:33  Orbital Command  
  114  8:37  Marine x2  
  114  8:38  Marine x2  
  118  8:48  Barracks Tech Lab  
  118  8:51  Terran Infantry Weapons Level 2  
  118  8:54  Hi-Sec Auto Tracking  
  118  8:56  Marine x4  
  122  9:05  Marine x2  
  122  9:06  Marine x2  
  122  9:07  SCV x3  
  122  9:08  SCV  
  129  9:23  Marine x5  
  129  9:24  Marine x3  
  108  9:31  Medivac  
  110  9:41  Marine x6  
  110  9:42  Marine x2  
  110  9:45  SCV x2  
  120  9:52  Medivac  
  122  9:59  Marine x6  
  128  10:01  Medivac  
  128  10:03  SCV x3  
  132  10:25  Marine x6  
  132  10:26  Marine x2  
  104  10:42  Marine x2  
  97  10:43  Marine x6  
  99  11:00  Marine x3  
  99  11:01  Marine x5  
  99  11:02  SCV x4  
  111  11:14  SCV  
  111  11:18  Marine x4  
  112  11:19  Marine x4  
  112  11:20  Medivac x2  
  124  11:36  Marine x5  
  124  11:37  Marine x3  
  132  11:47  SCV  
  132  11:48  SCV x2  
  132  11:54  Marine x6  
  135  11:55  Marine x2  
  135  11:57  Terran Infantry Armor Level 2, Terran Infantry Weapons Level 3  
  143  12:11  Marine  
  143  12:12  Marine  
  143  12:13  Combat Shields  
  143  12:14  Marine x3  
  143  12:15  Marine x3  
  151  12:20  Marauder  
  151  12:21  SCV  
  151  12:22  SCV x2  
  156  12:32  Marine x6  
  156  12:33  Marauder  
  145  12:37  Starport x2  
  145  12:40  Starport  
  145  12:42  Marauder  
  145  12:43  Marine  
  148  12:50  Marine x6  
  154  12:55  Marauder  
  156  13:15  Supply Depot  
  156  13:16  Supply Depot  
  156  13:17  Supply Depot  
  156  13:19  Supply Depot x2  
  156  13:36  Marine x6, Marauder  
  156  13:38  Medivac x2, Marine x2  
  170  13:42  Medivac x2  
  174  13:54  Marine x6  
  180  13:55  Marine x2  
  180  13:57  Marine  
  183  14:06  Fusion Core  
  183  14:08  Medivac x2  
  187  14:12  Marine x6  
  187  14:13  Marine x2  
  187  14:15  Marine  
  191  14:29  Marine x5  
  186  14:35  Marine x3  
  186  14:36  Marine  
  153  14:45  SCV x2  
  153  14:46  SCV x2  
  153  14:47  Marine x5  
  152  14:53  Marine x4  
  156  15:05  Marine  
  157  15:09  Refinery  
  157  15:10  Refinery  
  157  15:11  Refinery x2  
  157  15:13  Starport Reactor x2  
  157  15:27  Barracks Reactor x2  
Show
View Real Time Build Order
Export as new Build Order

SHreddedWInd Protoss - Winner!

Build Orders: Oracle Opening 

Get SALT Encoding   

  12  0:01  Probe (Chrono Boost)  
  13  0:11  Probe (Chrono Boost)  
  14  0:22  Pylon, Probe (Chrono Boost)  
  15  0:40  Probe (Chrono Boost)  
  15  0:41  Gateway  
  16  0:43  Assimilator  
  16  0:51  Probe (Chrono Boost)  
  17  1:01  Probe (Chrono Boost)  
  18  1:14  Probe (Chrono Boost)  
  18  1:17  Pylon  
  19  1:25  Probe (Chrono Boost)  
  20  1:28  Cybernetics Core  
  20  1:32  Assimilator  
  20  1:35  Probe (Chrono Boost)  
  21  1:46  Probe (Chrono Boost)  
  22  2:04  Warp Gate, Nexus  
  22  2:11  Mothership Core (Chrono Boost)  
  24  2:27  Gateway  
  24  2:31  Stargate  
  24  2:33  Probe (Chrono Boost)  
  25  2:41  Adept  
  28  2:44  Probe (Chrono Boost)  
  28  3:03  Pylon  
  28  3:04  Probe (Chrono Boost)  
  29  3:15  Probe (Chrono Boost)  
  29  3:16  Oracle (Chrono Boost)  
  29  3:18  Pylon  
  33  3:20  Probe (Chrono Boost)  
  33  3:25  Probe  
  35  3:37  Probe  
  35  3:39  Probe  
  37  3:47  Pylon  
  37  3:49  Probe  
  37  3:50  Probe  
  37  3:52  Void Ray (Chrono Boost)  
  43  3:57  Pylon  
  43  4:24  Probe  
  43  4:27  Assimilator  
  43  4:30  Assimilator  
  48  4:31  Void Ray (Chrono Boost)  
  48  4:32  Stalker x2  
  48  4:34  Probe  
  48  4:36  Probe  
  54  4:45  Probe  
  54  4:48  Probe  
  56  5:01  Probe  
  57  5:11  Adept x2, Probe  
  62  5:14  Oracle (Chrono Boost)  
  65  5:25  Probe  
  66  5:30  Pylon  
  66  5:35  Probe  
  66  5:36  Nexus  
  66  5:38  Stargate  
  67  5:46  Void Ray (Chrono Boost)  
  71  6:08  Stalker x2  
  75  6:15  Fleet Beacon  
  75  6:18  Pylon  
  77  6:29  Void Ray (Chrono Boost)  
  70  6:58  Nexus  
  70  7:06  Probe  
  71  7:12  Void Ray (Chrono Boost)  
  71  7:14  Zealot  
  71  7:15  Zealot, Void Ray (Chrono Boost)  
  81  7:17  Probe  
  84  7:23  Assimilator  
  84  7:27  Probe  
  84  7:29  Probe  
  85  7:34  Protoss Air Weapons Level 1 (Chrono Boost)  
  86  8:08  Pylon, Probe  
  86  8:09  Pylon  
  86  8:10  Void Ray, Probe  
  92  8:19  Probe  
  93  8:29  Stalker x2  
  97  8:39  Pylon  
  97  8:42  Probe  
  97  8:43  Carrier (Chrono Boost)  
  97  8:44  Probe  
  97  8:48  Assimilator  
  105  8:50  Assimilator  
  105  8:53  Probe  
  105  8:55  Probe  
  107  9:05  Cybernetics Core, Probe  
  108  9:12  Carrier (Chrono Boost)  
  108  9:16  Probe  
  115  9:18  Nexus  
  112  9:41  Pylon  
  109  9:51  Protoss Air Armor Level 1 (Chrono Boost)  
  109  9:55  Pylon  
  109  9:56  Pylon  
  109  9:57  Pylon, Protoss Air Weapons Level 2 (Chrono Boost)  
  109  10:02  Zealot x2  
  109  10:06  Graviton Catapult  
  113  10:12  Carrier (Chrono Boost)  
  119  10:25  Assimilator  
  119  10:28  Assimilator  
  105  10:59  Probe  
  106  11:07  Carrier (Chrono Boost)  
  106  11:09  Probe  
  113  11:18  Stargate  
  113  11:19  Stargate  
  113  11:21  Pylon  
  113  11:22  Pylon  
  113  11:24  Pylon  
  113  11:26  Stalker x2  
  113  11:28  Carrier (Chrono Boost)  
  120  11:50  Stalker  
  120  11:51  Stalker, Probe  
  125  12:02  Probe  
  126  12:14  Carrier x2 (Chrono Boost)  
  138  12:19  Protoss Air Weapons Level 3  
  144  12:22  Carrier (Chrono Boost)  
  144  12:23  Protoss Air Armor Level 2  
  144  12:25  Probe  
  145  12:33  Probe  
  146  12:37  Probe  
  146  12:43  Carrier (Chrono Boost)  
  153  12:45  Probe  
  153  12:48  Stargate  
  150  12:52  Stargate  
  146  12:59  Stalker x2  
  150  13:10  Probe  
  151  13:22  Probe  
  152  13:27  Probe  
  152  13:30  Carrier (Chrono Boost)  
  152  13:31  Carrier (Chrono Boost)  
  165  13:38  Carrier (Chrono Boost)  
  165  13:39  Probe  
  184  13:48  Carrier x2 (Chrono Boost)  
  184  13:58  Carrier (Chrono Boost)  
  190  14:13  Stalker  
  190  14:14  Stalker  
Tags
 
Add a new tag
Caveats
  • Supply blocks, unpowered buildings, or Contaminate may cause inaccurate times.
  • Supply counts are checked every 10 seconds.